AoeStats
← teccojc

Glade

510566078Analyzed
1v1 RM · 24h ago on Oct 1, 2026· 40m 28s· 2 players
Game mode
Random Map
Map size
Tiny (2 player)
Population
200
Speed
Normal
Resources
Standard
Victory
Conquest
Starting age
Dark Age
Ending age
Imperial Age
RankedLock teamsTeams togetherTeam positionsShared explorationLock speedFull tech treeHidden civsTurbo modeCheats
Victory
Defeat
🇫🇷 Aztecs · France
1025
+15
🇦🇷 Spanish · Argentina
994
-15
teccojc
10:33 Feudal Age
8:50 Loom
15:51 Castle Age
14:40 Loom
15:09 Double-Bit Axe
17:30 Horse Collar
25:12 Forging
27:06 Iron Casting
27:19 Light Cavalry
29:15 Heavy Plow
35:20 Imperial Age
33:37 Bloodlines
35:03 Bow Saw
35:19 Scale Barding Armor
37:32 Ballistics
40:11 Blast Furnace
39:02 Fletching
Shelly-Ann
11:04 Feudal Age
15:10 Castle Age
13:43 Double-Bit Axe
17:11 Bow Saw
19:11 Loom
20:51 Town Watch
22:24 Forging
24:23 Scale Mail Armor
26:18 Wheelbarrow
29:56 Imperial Age
27:12 Eagle Warrior
28:47 Iron Casting
28:28 Chain Mail Armor
34:17 Blast Furnace
33:28 Squires
35:33 Plate Mail Armor
35:48 Block Printing
36:00 Illumination
36:59 Capped Ram
37:11 Elite Eagle Warrior
40:07 Theocracy
Connection lost

Rejoining the realm…

Still unreachable

The connection could not be restored.

Session expired

The server has moved on; the page needs a fresh start.